Minnesota North Stars vs Toronto Maple Leafs
(R1)
Created - Monday, February 26, 2024 at 07:11
Goals
|
| Minnesota North Stars |
1 |
1 |
1 |
0 |
0 |
3 |
| Toronto Maple Leafs |
0 |
0 |
3 |
0 |
1 |
4 |
|
Shots
|
| Minnesota North Stars |
19 |
7 |
13 |
0 |
4 |
39 |
| Toronto Maple Leafs |
8 |
7 |
18 |
1 |
4 |
34 |
|
1st period
1. Minnesota North Stars , Frank Vatrano 7 (Ryan Nugent-Hopkins 10) at 2:39 (PP)
Penalties :
Sam Bennett (TOR) for Elbowing (Minor) at 2:37, Rasmus Dahlin (MNS) for Hooking (Minor) at 6:01, Nino Niederreiter (TOR) for Holding (Minor) at 10:16
2nd period
2. Minnesota North Stars , Ryan Nugent-Hopkins 6 (Eeli Tolvanen 5, Gustav Forsling 5) at 19:19 (PP)
Penalties :
Jamie Oleksiak (MNS) for Tripping (Minor) at 5:21, Luke Schenn (TOR) for Hooking (Minor) at 10:31, Mario Ferraro (TOR) for Interference (Minor) at 12:59, Adam Lowry (MNS) for Hooking (Minor) at 16:08, Warren Foegele (TOR) for High sticking (Minor) at 18:59, Trevor Zegras (TOR) for Roughing (Minor) at 19:33
3rd period
3. Toronto Maple Leafs , Nino Niederreiter 5 (Dougie Hamilton 6, Trevor Zegras 11) at 1:45
4. Minnesota North Stars , Evan Rodrigues 5 (Gustav Forsling 6, Jonathan Toews 4) at 6:30
5. Toronto Maple Leafs , Nino Niederreiter 6 (Trevor Zegras 12) at 11:09
6. Toronto Maple Leafs , Kyle Okposo 6 (Andrew Mangiapane 6, Aaron Ekblad 5) at 12:21
Penalties :
Aaron Ekblad (TOR) for Hooking (Minor) at 7:28, Brandon Montour (MNS) for Slashing (Minor) at 7:35, Andrew Mangiapane (TOR) for Hooking (Minor) at 13:27, Evgeni Malkin (MNS) for Hooking (Minor) at 16:42
Overtime #1
No Goal
Penalties :
No Penalty
Shootout
Minnesota North Stars, Ryan Nugent-Hopkins - Shot Misses the Net
Toronto Maple Leafs, Andrew Mangiapane - Stopped by Stuart Skinner
Minnesota North Stars, Evgeni Malkin - Shot Misses the Net
Toronto Maple Leafs, Sam Bennett - Stopped by Stuart Skinner
Minnesota North Stars, Brock Nelson - Shot Misses the Net
Toronto Maple Leafs, Scott Laughton - Stopped by Stuart Skinner
Minnesota North Stars, Jeff Skinner - Shot Misses the Net
Toronto Maple Leafs, Trevor Zegras - Goal!
Penalties :
No Penalty
Goalie Stats
Stuart Skinner (MNS), 31 saves from 34 shots - (0.912), OTL, 6-2-2, 65:00 minutes
Cam Talbot (TOR), 36 saves from 39 shots - (0.923), W, 10-2-0, 65:00 minutes
Players Stats for Minnesota North Stars
Player Name G A P +/- PIM S H SB GA TA FO MP PP MP PK MP
------------------------------------------------------------------------------------
Adam Lowry 0 0 0 0 2 0 1 0 1 0 1/3 11:50 0:04 2:51
Brandon Montour 0 0 0 -2 2 3 1 0 0 0 0/0 20:31 5:17 0:00
Brock Nelson 0 0 0 0 0 1 1 0 0 0 1/2 13:40 0:00 0:01
Eeli Tolvanen 0 1 1 -1 0 2 1 1 0 0 0/0 15:19 5:03 0:00
Evan Rodrigues 1 0 1 0 0 1 0 1 0 0 0/0 6:54 0:00 0:00
Evgeni Malkin 0 0 0 0 2 3 1 0 0 0 8/18 15:17 0:00 0:58
Frank Vatrano 1 0 1 -1 0 11 3 0 0 0 0/0 19:56 5:03 4:00
Gustav Forsling 0 2 2 1 0 0 5 1 1 1 0/0 25:34 5:06 3:49
Jack Hughes 0 0 0 -1 0 6 1 0 2 0 11/17 16:59 5:17 0:14
Jamie Oleksiak 0 0 0 1 2 0 1 1 0 0 0/0 18:47 0:00 3:20
Jeff Skinner 0 0 0 -1 0 1 1 0 0 0 1/1 19:03 5:17 0:20
Jonathan Toews 0 1 1 0 0 2 2 0 0 0 5/8 11:24 0:00 4:00
Neal Pionk 0 0 0 -1 0 1 4 2 0 3 0/0 18:57 0:00 4:13
Rasmus Dahlin 0 0 0 -2 2 2 1 3 0 0 0/0 25:10 5:18 3:06
Ryan Nugent-Hopkins 1 1 2 -1 0 2 0 0 1 0 6/17 18:22 5:07 0:00
Sean Durzi 0 0 0 -1 0 1 2 1 0 0 0/0 21:20 5:06 1:38
Viktor Arvidsson 0 0 0 0 0 2 1 0 0 0 2/4 16:06 5:17 0:00
Zach Parise 0 0 0 -1 0 1 0 0 0 0 1/2 14:51 0:04 3:42
Players Stats for Toronto Maple Leafs
Player Name G A P +/- PIM S H SB GA TA FO MP PP MP PK MP
------------------------------------------------------------------------------------
Aaron Ekblad 0 1 1 2 2 1 2 1 1 0 0/0 25:42 3:45 5:11
Andrew Mangiapane 0 1 1 0 2 2 0 2 1 0 0/1 16:02 4:07 0:00
Brandon Saad 0 0 0 0 0 1 1 1 0 0 1/5 12:06 0:00 1:05
Cody Ceci 0 0 0 2 0 2 0 3 0 0 0/0 27:13 3:52 5:11
Dougie Hamilton 0 1 1 0 0 3 1 3 0 0 0/0 25:49 4:11 5:13
Kyle Okposo 1 0 1 0 0 2 0 1 0 0 0/2 10:00 0:00 0:00
Luke Schenn 0 0 0 0 2 1 1 0 0 1 0/0 12:51 0:07 0:00
Mario Ferraro 0 0 0 0 2 2 1 1 0 0 0/0 12:51 0:00 0:00
Nick Bjugstad 0 0 0 0 0 1 0 1 0 1 4/5 7:52 0:00 0:00
Nicolas Roy 0 0 0 1 0 1 1 2 0 1 1/3 14:28 3:56 0:00
Nino Niederreiter 2 0 2 2 2 3 1 0 0 0 0/2 20:08 4:07 4:11
Ryan Pulock 0 0 0 0 0 0 1 2 0 0 0/0 25:49 4:11 5:13
Sam Bennett 0 0 0 0 2 1 2 1 0 2 13/25 22:17 3:56 4:54
Scott Laughton 0 0 0 0 0 6 1 1 2 0 4/5 23:08 4:07 4:56
Trevor Zegras 0 2 2 2 2 2 1 1 0 0 10/20 20:55 3:56 4:03
Troy Terry 0 0 0 0 0 2 0 0 0 0 1/2 12:18 0:00 0:00
Warren Foegele 0 0 0 0 2 2 0 0 0 0 0/0 8:05 0:00 0:14
Wyatt Johnston 0 0 0 1 0 2 0 0 0 0 2/2 10:02 0:00 1:25
3 Stars
1 - Nino Niederreiter (TOR)
2 - Gustav Forsling (MNS)
3 - Trevor Zegras (TOR)
Power Play
Minnesota North Stars - 2 on 8 Attempt(s) - 25.00%
Toronto Maple Leafs - 0 on 5 Attempt(s) - 0.00%
Penalty Kill
Minnesota North Stars - 5 on 5 Attempt(s) - 100.00%
- Score 0 goal in Penalty Kill
Toronto Maple Leafs - 6 on 8 Attempt(s) - 75.00%
- Score 0 goal in Penalty Kill
Team Stat
Minnesota North Stars - Hits : 26 - Faceoff Wins : 36 - Blocked Shots : 10 - Penalty Minutes : 10
Toronto Maple Leafs - Hits : 13 - Faceoff Wins : 36 - Blocked Shots : 20 - Penalty Minutes : 16
Official
Referees : Kelly Sutherland and Jacob Brenk
Linesman : Mark Wheler and Ryan Galloway
Game Notes
No Game Note
Finance
Level 1 -- Attendance: 5942 (99.03%) -- Ticket Income $558,548
Level 2 -- Attendance: 4666 (93.32%) -- Ticket Income $251,964
Level 3 -- Attendance: 2983 (99.43%) -- Ticket Income $98,439
Level 4 -- Attendance: 5000 (100.00%) -- Ticket Income $105,000
Luxury Box -- Attendance: 872 (87.20%) -- Ticket Income $168,296
Game was played at the Air Canada Centre.
Total Attendance: 19463 (97.32%)
Total Ticket Income: $1,182,247
Other Income: $413,786
Total Income: $1,596,033
Minnesota North Stars
5 vs 5 Forward
Center Left Wing Right Wing Time % Phy DF OF
1 Ryan Nugent-Hopkins Eeli Tolvanen Jeff Skinner 29 1 2 2
2 Jack Hughes Frank Vatrano Zach Parise 29 1 2 2
3 Evgeni Malkin Brock Nelson Viktor Arvidsson 29 1 2 2
4 Jonathan Toews Evan Rodrigues Adam Lowry 13 1 2 2
5 vs 5 Defense
Defense Defense Time % Phy DF OF
1 Rasmus Dahlin Brandon Montour 34 1 2 2
2 Jamie Oleksiak Gustav Forsling 33 1 2 2
3 Neal Pionk Sean Durzi 33 1 2 2
4 Rasmus Dahlin Brandon Montour 0 1 2 2
PowerPlay Forward
Center Left Wing Right Wing Time % Phy DF OF
1 Ryan Nugent-Hopkins Frank Vatrano Eeli Tolvanen 50 1 1 3
2 Jack Hughes Viktor Arvidsson Jeff Skinner 50 1 1 3
PowerPlay Defense
Defense Defense Time % Phy DF OF
1 Rasmus Dahlin Brandon Montour 50 1 2 2
2 Sean Durzi Gustav Forsling 50 1 2 2
Penalty Kill 4 Players Forward
Center Wing Time % Phy DF OF
1 Jonathan Toews Frank Vatrano 50 1 3 1
2 Adam Lowry Zach Parise 50 2 2 1
Penalty Kill 4 Players Defense
Defense Defense Time % Phy DF OF
1 Rasmus Dahlin Neal Pionk 50 2 2 1
2 Jamie Oleksiak Gustav Forsling 50 2 2 1
Penalty Kill - 3 Players Forward
Forward Time % Phy DF OF
1 Jonathan Toews 50 2 3 0
2 Adam Lowry 50 2 3 0
Penalty Kill - 3 Players Defense
Defense Defense Time % Phy DF OF
1 Rasmus Dahlin Neal Pionk 50 2 2 1
2 Jamie Oleksiak Gustav Forsling 50 2 2 1
4 vs 4 Forward
Center Wing Time % Phy DF OF
1 Ryan Nugent-Hopkins Jeff Skinner 50 1 2 2
2 Evgeni Malkin Brock Nelson 50 1 2 2
4 vs 4 Defense
Defense Defense Time % Phy DF OF
1 Rasmus Dahlin Brandon Montour 50 1 2 2
2 Jamie Oleksiak Gustav Forsling 50 1 2 2
Last Minutes Offensive
Center Left Wing Right Wing Defense Defense
Jack Hughes Ryan Nugent-Hopkins Jeff Skinner Rasmus Dahlin Brandon Montour
Last Minutes Defensive
Center Left Wing Right Wing Defense Defense
Ryan Nugent-Hopkins Zach Parise Frank Vatrano Rasmus Dahlin Jamie Oleksiak
Goaltenders
Starting : Stuart Skinner
Backup : Antti Raanta
Extra Forwards
Normal : Adam Lowry, Jack Hughes, Jonathan Toews - PP : Adam Lowry, Jack Hughes - PK : Jonathan Toews
Extra Defensemen
Normal : Neal Pionk, Sean Durzi, Jamie Oleksiak - PP : Neal Pionk - PK : Sean Durzi, Jamie Oleksiak
Penalty Shots
Ryan Nugent-Hopkins, Evgeni Malkin, Brock Nelson, Jeff Skinner, Jack Hughes
Toronto Maple Leafs
5 vs 5 Forward
Center Left Wing Right Wing Time % Phy DF OF
1 Sam Bennett Scott Laughton Troy Terry 30 1 2 2
2 Trevor Zegras Nino Niederreiter Nicolas Roy 30 1 2 2
3 Brandon Saad Andrew Mangiapane Kyle Okposo 25 1 2 2
4 Nick Bjugstad Warren Foegele Wyatt Johnston 15 1 2 2
5 vs 5 Defense
Defense Defense Time % Phy DF OF
1 Aaron Ekblad Cody Ceci 30 1 2 2
2 Dougie Hamilton Ryan Pulock 30 1 2 2
3 Mario Ferraro Luke Schenn 25 1 2 2
4 Aaron Ekblad Cody Ceci 15 1 2 2
PowerPlay Forward
Center Left Wing Right Wing Time % Phy DF OF
1 Sam Bennett Trevor Zegras Nicolas Roy 50 1 2 2
2 Scott Laughton Andrew Mangiapane Nino Niederreiter 50 1 2 2
PowerPlay Defense
Defense Defense Time % Phy DF OF
1 Aaron Ekblad Cody Ceci 50 1 2 2
2 Dougie Hamilton Ryan Pulock 50 1 2 2
Penalty Kill 4 Players Forward
Center Wing Time % Phy DF OF
1 Sam Bennett Scott Laughton 50 1 2 2
2 Trevor Zegras Nino Niederreiter 50 1 2 2
Penalty Kill 4 Players Defense
Defense Defense Time % Phy DF OF
1 Aaron Ekblad Cody Ceci 50 1 2 2
2 Dougie Hamilton Ryan Pulock 50 1 2 2
Penalty Kill - 3 Players Forward
Forward Time % Phy DF OF
1 Sam Bennett 50 1 2 2
2 Scott Laughton 50 1 2 2
Penalty Kill - 3 Players Defense
Defense Defense Time % Phy DF OF
1 Aaron Ekblad Cody Ceci 50 1 2 2
2 Dougie Hamilton Ryan Pulock 50 1 2 2
4 vs 4 Forward
Center Wing Time % Phy DF OF
1 Scott Laughton Sam Bennett 50 1 2 2
2 Troy Terry Trevor Zegras 50 1 2 2
4 vs 4 Defense
Defense Defense Time % Phy DF OF
1 Aaron Ekblad Cody Ceci 50 1 2 2
2 Dougie Hamilton Ryan Pulock 50 1 2 2
Last Minutes Offensive
Center Left Wing Right Wing Defense Defense
Sam Bennett Scott Laughton Trevor Zegras Aaron Ekblad Cody Ceci
Last Minutes Defensive
Center Left Wing Right Wing Defense Defense
Sam Bennett Scott Laughton Trevor Zegras Aaron Ekblad Cody Ceci
Goaltenders
Starting : Cam Talbot
Backup : Frederik Andersen
Extra Forwards
Normal : Andrew Mangiapane, Nicolas Roy, Nino Niederreiter - PP : Andrew Mangiapane, Nicolas Roy - PK : Nino Niederreiter
Extra Defensemen
Normal : Mario Ferraro, Luke Schenn, Dougie Hamilton - PP : Mario Ferraro - PK : Luke Schenn, Dougie Hamilton
Penalty Shots
Andrew Mangiapane, Sam Bennett, Scott Laughton, Trevor Zegras, Troy Terry
% Time on Ice - Minnesota North Stars
Lines # - Real PCT - Wanted PCT - Time Play
Normal Forward
1 - 27% - 29% - 10:42
2 - 28% - 29% - 11:18
3 - 27% - 29% - 10:47
4 - 17% - 13% - 6:54
Normal Defense
1 - 34% - 34% - 13:27
2 - 33% - 33% - 13:09
3 - 33% - 33% - 13:05
4 - 0% - 0% - 0:00
PP Forward
1 - 49% - 50% - 5:07
2 - 51% - 50% - 5:17
PP Defense
1 - 51% - 50% - 5:18
2 - 49% - 50% - 5:06
PK Forward
1 - 50% - 50% - 4:00
2 - 50% - 50% - 4:03
PK Defense
1 - 53% - 50% - 4:14
2 - 47% - 50% - 3:49
PK3 Forward
1 - 0% - 50%
2 - 0% - 50%
PK3 Defense
1 - 0% - 50%
2 - 0% - 50%
44 Forward
1 - 51% - 50% - 3:29
2 - 49% - 50% - 3:23
44 Defense
1 - 49% - 50% - 3:22
2 - 51% - 50% - 3:30
Last Minute Offensive - 0:00
Last Minute Defensive - 0:00
Total
Forward - 65:00
Defense - 65:00
|
% Time on Ice - Toronto Maple Leafs
Lines # - Real PCT - Wanted PCT - Time Play
Normal Forward
1 - 28% - 30% - 11:18
2 - 27% - 30% - 10:31
3 - 25% - 25% - 10:00
4 - 20% - 15% - 7:52
Normal Defense
1 - 30% - 30% - 11:47
2 - 33% - 30% - 13:13
3 - 29% - 25% - 11:24
4 - 8% - 15% - 3:17
PP Forward
1 - 49% - 50% - 3:56
2 - 51% - 50% - 4:07
PP Defense
1 - 48% - 50% - 3:52
2 - 52% - 50% - 4:11
PK Forward
1 - 48% - 50% - 5:00
2 - 52% - 50% - 5:24
PK Defense
1 - 50% - 50% - 5:11
2 - 50% - 50% - 5:13
PK3 Forward
1 - 0% - 50%
2 - 0% - 50%
PK3 Defense
1 - 0% - 50%
2 - 0% - 50%
44 Forward
1 - 47% - 50% - 3:14
2 - 53% - 50% - 3:38
44 Defense
1 - 45% - 50% - 3:06
2 - 55% - 50% - 3:46
Last Minute Offensive - 0:00
Last Minute Defensive - 0:00
Total
Forward - 65:00
Defense - 65:00
|
Play-by-Play
1st period
0:01 of 1st period - Sam Bennett wins face-off versus Ryan Nugent-Hopkins in neutral zone.
0:25 of 1st period - Sam Bennett is hit by Rasmus Dahlin and loses puck.
0:36 of 1st period - Snap shot by Jeff Skinner.
0:36 of 1st period - Deflect By Eeli Tolvanen.
0:36 of 1st period - Stopped by Cam Talbot without a rebound.
0:37 of 1st period - Trevor Zegras wins face-off versus Jack Hughes in Toronto Maple Leafs zone.
1:23 of 1st period - Backhand shot by Jonathan Toews.
1:23 of 1st period - Shot Blocked by Nick Bjugstad.
2:25 of 1st period - Snap shot by Viktor Arvidsson.
2:25 of 1st period - Stopped by Cam Talbot with a rebound.
2:27 of 1st period - Slapshot by Brock Nelson.
2:27 of 1st period - Stopped by Cam Talbot with a rebound.
2:31 of 1st period - Snap shot by Viktor Arvidsson.
2:31 of 1st period - Shot Hit the Post.
2:37 of 1st period - Minor Penalty to Sam Bennett for Elbowing.
2:38 of 1st period - Ryan Nugent-Hopkins wins face-off versus Nino Niederreiter in Toronto Maple Leafs zone.
2:39 of 1st period - Snap shot by Frank Vatrano.
2:39 of 1st period - Goal by Frank Vatrano - Minnesota North Stars : 1 - Toronto Maple Leafs : 0.
2:40 of 1st period - Zach Parise wins face-off versus Trevor Zegras in neutral zone.
2:49 of 1st period - Wrist shot by Frank Vatrano.
2:49 of 1st period - Stopped by Cam Talbot without a rebound.
2:50 of 1st period - Jack Hughes wins face-off versus Trevor Zegras in Toronto Maple Leafs zone.
2:53 of 1st period - Slapshot by Frank Vatrano.
2:53 of 1st period - Stopped by Cam Talbot with a rebound.
2:55 of 1st period - Slapshot by Rasmus Dahlin.
2:55 of 1st period - Shot Blocked by Ryan Pulock.
2:57 of 1st period - Slapshot by Zach Parise.
2:57 of 1st period - Stopped by Cam Talbot with a rebound.
2:59 of 1st period - Slapshot by Brandon Montour.
2:59 of 1st period - Stopped by Cam Talbot with a rebound.
3:01 of 1st period - Slapshot by Brandon Montour.
3:01 of 1st period - Shot Blocked by Nicolas Roy.
3:15 of 1st period - Snap shot by Frank Vatrano.
3:15 of 1st period - Stopped by Cam Talbot with a rebound.
3:17 of 1st period - Wrist shot by Jack Hughes.
3:17 of 1st period - Deflect By Frank Vatrano.
3:17 of 1st period - Stopped by Cam Talbot with a rebound.
3:19 of 1st period - Wrist shot by Zach Parise.
3:19 of 1st period - Shot Blocked by Trevor Zegras.
3:21 of 1st period - Slapshot by Brandon Montour.
3:21 of 1st period - Shot Blocked by Nicolas Roy.
3:23 of 1st period - Snap shot by Zach Parise.
3:23 of 1st period - Shot Misses the Net.
3:25 of 1st period - Wrist shot by Jack Hughes.
3:25 of 1st period - Stopped by Cam Talbot without a rebound.
3:26 of 1st period - Evgeni Malkin wins face-off versus Brandon Saad in Toronto Maple Leafs zone.
3:35 of 1st period - Slapshot by Brock Nelson.
3:35 of 1st period - Shot Blocked by Cody Ceci.
3:41 of 1st period - Snap shot by Viktor Arvidsson.
3:41 of 1st period - Shot Blocked by Andrew Mangiapane.
3:43 of 1st period - Snap shot by Brock Nelson.
3:43 of 1st period - Shot Misses the Net.
3:53 of 1st period - Andrew Mangiapane is hit by Gustav Forsling and loses puck.
3:58 of 1st period - Snap shot by Jeff Skinner.
3:58 of 1st period - Shot Misses the Net.
4:15 of 1st period - Off-side.
4:16 of 1st period - Jonathan Toews wins face-off versus Nick Bjugstad in neutral zone.
4:47 of 1st period - Evgeni Malkin is hit by Ryan Pulock.
5:26 of 1st period - Slapshot by Nino Niederreiter.
5:26 of 1st period - Shot Misses the Net.
6:01 of 1st period - Minor Penalty to Rasmus Dahlin for Hooking.
6:02 of 1st period - Jonathan Toews wins face-off versus Sam Bennett in Minnesota North Stars zone.
6:02 of 1st period - Jonathan Toews is hit by Aaron Ekblad.
6:14 of 1st period - Gustav Forsling is hit by Nicolas Roy and loses puck.
8:01 of 1st period - Penalty to Rasmus Dahlin is over, Rasmus Dahlin is back on ice.
8:02 of 1st period - Icing by Nicolas Roy.
8:03 of 1st period - Sam Bennett wins face-off versus Viktor Arvidsson in Toronto Maple Leafs zone.
8:55 of 1st period - Ryan Nugent-Hopkins is hit by Mario Ferraro and loses puck.
9:02 of 1st period - Slapshot by Rasmus Dahlin.
9:02 of 1st period - Shot Blocked by Mario Ferraro.
9:38 of 1st period - Snap shot by Viktor Arvidsson.
9:38 of 1st period - Shot Blocked by Andrew Mangiapane.
9:40 of 1st period - Snap shot by Viktor Arvidsson.
9:40 of 1st period - Stopped by Cam Talbot with a rebound.
9:58 of 1st period - Wrist shot by Trevor Zegras.
9:58 of 1st period - Shot Misses the Net.
10:01 of 1st period - Icing by Frank Vatrano.
10:02 of 1st period - Sam Bennett wins face-off versus Jack Hughes in Minnesota North Stars zone.
10:05 of 1st period - Snap shot by Sam Bennett.
10:05 of 1st period - Shot Misses the Net.
10:13 of 1st period - Wrist shot by Frank Vatrano.
10:13 of 1st period - Stopped by Cam Talbot without a rebound.
10:14 of 1st period - Trevor Zegras wins face-off versus Evgeni Malkin in Toronto Maple Leafs zone.
10:16 of 1st period - Minor Penalty to Nino Niederreiter for Holding.
10:17 of 1st period - Trevor Zegras wins face-off versus Jack Hughes in Toronto Maple Leafs zone.
10:25 of 1st period - Snap shot by Jack Hughes.
10:25 of 1st period - Stopped by Cam Talbot with a rebound.
10:27 of 1st period - Slapshot by Gustav Forsling.
10:27 of 1st period - Shot Misses the Net.
10:29 of 1st period - Slapshot by Sean Durzi.
10:29 of 1st period - Stopped by Cam Talbot without a rebound.
10:30 of 1st period - Trevor Zegras wins face-off versus Ryan Nugent-Hopkins in Toronto Maple Leafs zone.
10:47 of 1st period - Slapshot by Trevor Zegras.
10:47 of 1st period - Shot Misses the Net.
10:57 of 1st period - Ryan Pulock is hit by Viktor Arvidsson.
11:01 of 1st period - Ryan Pulock is hit by Sean Durzi and loses puck.
11:34 of 1st period - Brandon Saad is hit by Frank Vatrano and loses puck.
12:16 of 1st period - Penalty to Nino Niederreiter is over, Nino Niederreiter is back on ice.
13:07 of 1st period - Wrist shot by Sam Bennett.
13:07 of 1st period - Shot Misses the Net.
13:09 of 1st period - Snap shot by Scott Laughton.
13:09 of 1st period - Shot Blocked by Neal Pionk.
13:13 of 1st period - Slapshot by Sam Bennett.
13:13 of 1st period - Shot Misses the Net.
13:15 of 1st period - Wrist shot by Scott Laughton.
13:15 of 1st period - Shot Misses the Net.
13:17 of 1st period - Wrist shot by Scott Laughton.
13:17 of 1st period - Stopped by Stuart Skinner with a rebound.
13:19 of 1st period - Slapshot by Dougie Hamilton.
13:19 of 1st period - Stopped by Stuart Skinner without a rebound.
13:20 of 1st period - Jack Hughes wins face-off versus Brandon Saad in Minnesota North Stars zone.
13:20 of 1st period - Jack Hughes is hit by Brandon Saad.
13:45 of 1st period - Brandon Saad is hit by Gustav Forsling and loses puck.
13:54 of 1st period - Andrew Mangiapane is hit by Adam Lowry and loses puck.
14:24 of 1st period - Icing by Mario Ferraro.
14:25 of 1st period - Trevor Zegras wins face-off versus Jack Hughes in Toronto Maple Leafs zone.
14:30 of 1st period - Snap shot by Trevor Zegras.
14:30 of 1st period - Stopped by Stuart Skinner without a rebound.
14:31 of 1st period - Jack Hughes wins face-off versus Trevor Zegras in Minnesota North Stars zone.
14:42 of 1st period - Snap shot by Frank Vatrano.
14:42 of 1st period - Deflect By Nino Niederreiter.
14:42 of 1st period - Stopped by Cam Talbot with a rebound.
15:13 of 1st period - Slapshot by Rasmus Dahlin.
15:13 of 1st period - Deflect By Frank Vatrano.
15:13 of 1st period - Shot Misses the Net.
15:13 of 1st period - Puck is out of play.
15:14 of 1st period - Sam Bennett wins face-off versus Brock Nelson in Toronto Maple Leafs zone.
15:23 of 1st period - Snap shot by Troy Terry.
15:23 of 1st period - Stopped by Stuart Skinner without a rebound.
15:24 of 1st period - Trevor Zegras wins face-off versus Evgeni Malkin in Minnesota North Stars zone.
15:47 of 1st period - Icing by Brock Nelson.
15:48 of 1st period - Brock Nelson wins face-off versus Sam Bennett in Minnesota North Stars zone.
16:20 of 1st period - Icing by Troy Terry.
16:21 of 1st period - Evgeni Malkin wins face-off versus Sam Bennett in Toronto Maple Leafs zone.
16:40 of 1st period - Wrist shot by Evgeni Malkin.
16:40 of 1st period - Stopped by Cam Talbot without a rebound.
16:41 of 1st period - Jack Hughes wins face-off versus Nicolas Roy in Toronto Maple Leafs zone.
17:06 of 1st period - Wrist shot by Wyatt Johnston.
17:06 of 1st period - Shot Blocked by Jamie Oleksiak.
17:18 of 1st period - Wrist shot by Nick Bjugstad.
17:18 of 1st period - Stopped by Stuart Skinner with a rebound.
17:36 of 1st period - Wrist shot by Frank Vatrano.
17:36 of 1st period - Stopped by Cam Talbot without a rebound.
17:37 of 1st period - Ryan Nugent-Hopkins wins face-off versus Trevor Zegras in Toronto Maple Leafs zone.
18:26 of 1st period - Snap shot by Scott Laughton.
18:26 of 1st period - Stopped by Stuart Skinner with a rebound.
18:28 of 1st period - Snap shot by Kyle Okposo.
18:28 of 1st period - Shot Blocked by Rasmus Dahlin.
18:30 of 1st period - Slapshot by Luke Schenn.
18:30 of 1st period - Stopped by Stuart Skinner without a rebound.
18:31 of 1st period - Brandon Saad wins face-off versus Ryan Nugent-Hopkins in Minnesota North Stars zone.
18:34 of 1st period - Snap shot by Andrew Mangiapane.
18:34 of 1st period - Shot Misses the Net.
18:40 of 1st period - Slapshot by Andrew Mangiapane.
18:40 of 1st period - Stopped by Stuart Skinner without a rebound.
18:41 of 1st period - Trevor Zegras wins face-off versus Ryan Nugent-Hopkins in Minnesota North Stars zone.
18:48 of 1st period - Cody Ceci is hit by Eeli Tolvanen and loses puck.
19:09 of 1st period - Wrist shot by Jeff Skinner.
19:09 of 1st period - Stopped by Cam Talbot without a rebound.
19:10 of 1st period - Sam Bennett wins face-off versus Evgeni Malkin in Toronto Maple Leafs zone.
19:44 of 1st period - Dougie Hamilton is hit by Frank Vatrano.
Goals for this period are 1 for Minnesota North Stars vs 0 for Toronto Maple Leafs.
Shots for this period are 19 for Minnesota North Stars vs 8 for Toronto Maple Leafs.
2nd period
0:01 of 2nd period - Viktor Arvidsson wins face-off versus Trevor Zegras in neutral zone.
1:00 of 2nd period - Slapshot by Scott Laughton.
1:00 of 2nd period - Shot Blocked by Eeli Tolvanen.
1:02 of 2nd period - Slapshot by Scott Laughton.
1:02 of 2nd period - Stopped by Stuart Skinner with a rebound.
1:04 of 2nd period - Snap shot by Scott Laughton.
1:04 of 2nd period - Shot Misses the Net.
1:14 of 2nd period - Slapshot by Jonathan Toews.
1:14 of 2nd period - Shot Blocked by Brandon Saad.
2:18 of 2nd period - Snap shot by Brandon Saad.
2:18 of 2nd period - Shot Blocked by Gustav Forsling.
2:26 of 2nd period - Snap shot by Jeff Skinner.
2:26 of 2nd period - Shot Blocked by Ryan Pulock.
2:56 of 2nd period - Nick Bjugstad is hit by Neal Pionk and loses puck.
3:15 of 2nd period - Icing by Viktor Arvidsson.
3:16 of 2nd period - Evgeni Malkin wins face-off versus Trevor Zegras in Minnesota North Stars zone.
4:06 of 2nd period - Frank Vatrano is hit by Luke Schenn and loses puck.
4:26 of 2nd period - Backhand shot by Trevor Zegras.
4:26 of 2nd period - Stopped by Stuart Skinner with a rebound.
4:28 of 2nd period - Wrist shot by Nicolas Roy.
4:28 of 2nd period - Deflect By Nino Niederreiter.
4:28 of 2nd period - Stopped by Stuart Skinner with a rebound.
4:48 of 2nd period - Snap shot by Jonathan Toews.
4:48 of 2nd period - Shot Misses the Net.
5:21 of 2nd period - Minor Penalty to Jamie Oleksiak for Tripping.
5:22 of 2nd period - Jonathan Toews wins face-off versus Scott Laughton in Minnesota North Stars zone.
5:47 of 2nd period - Ryan Pulock is hit by Frank Vatrano and loses puck.
6:21 of 2nd period - Icing by Nicolas Roy.
6:22 of 2nd period - Sam Bennett wins face-off versus Adam Lowry in Toronto Maple Leafs zone.
7:21 of 2nd period - Penalty to Jamie Oleksiak is over, Jamie Oleksiak is back on ice.
8:36 of 2nd period - Ryan Pulock is hit by Brandon Montour and loses puck.
9:04 of 2nd period - Wrist shot by Evgeni Malkin.
9:04 of 2nd period - Stopped by Cam Talbot without a rebound.
9:05 of 2nd period - Ryan Nugent-Hopkins wins face-off versus Nicolas Roy in Toronto Maple Leafs zone.
9:59 of 2nd period - Slapshot by Andrew Mangiapane.
9:59 of 2nd period - Stopped by Stuart Skinner without a rebound.
10:00 of 2nd period - Jack Hughes wins face-off versus Kyle Okposo in Minnesota North Stars zone.
10:31 of 2nd period - Minor Penalty to Luke Schenn for Hooking.
10:32 of 2nd period - Scott Laughton wins face-off versus Ryan Nugent-Hopkins in Toronto Maple Leafs zone.
10:58 of 2nd period - Jack Hughes is hit by Sam Bennett and loses puck.
12:31 of 2nd period - Penalty to Luke Schenn is over, Luke Schenn is back on ice.
12:45 of 2nd period - Dougie Hamilton is hit by Jonathan Toews.
12:59 of 2nd period - Minor Penalty to Mario Ferraro for Interference.
13:00 of 2nd period - Jack Hughes wins face-off versus Sam Bennett in Toronto Maple Leafs zone.
13:01 of 2nd period - Snap shot by Jeff Skinner.
13:01 of 2nd period - Shot Blocked by Cody Ceci.
13:03 of 2nd period - Slapshot by Brandon Montour.
13:03 of 2nd period - Shot Blocked by Scott Laughton.
13:05 of 2nd period - Wrist shot by Brandon Montour.
13:05 of 2nd period - Deflect By Aaron Ekblad.
13:05 of 2nd period - Stopped by Cam Talbot without a rebound.
13:06 of 2nd period - Sam Bennett wins face-off versus Viktor Arvidsson in Toronto Maple Leafs zone.
13:43 of 2nd period - Slapshot by Brandon Montour.
13:43 of 2nd period - Shot Blocked by Dougie Hamilton.
14:59 of 2nd period - Penalty to Mario Ferraro is over, Mario Ferraro is back on ice.
15:07 of 2nd period - Brandon Saad is hit by Gustav Forsling.
15:13 of 2nd period - Wrist shot by Wyatt Johnston.
15:13 of 2nd period - Stopped by Stuart Skinner with a rebound.
15:19 of 2nd period - Mario Ferraro is hit by Jonathan Toews and loses puck.
15:30 of 2nd period - Brandon Saad is hit by Neal Pionk.
16:01 of 2nd period - Evan Rodrigues is hit by Aaron Ekblad and loses puck.
16:08 of 2nd period - Minor Penalty to Adam Lowry for Hooking.
16:09 of 2nd period - Jonathan Toews wins face-off versus Andrew Mangiapane in Minnesota North Stars zone.
16:36 of 2nd period - Neal Pionk is hit by Dougie Hamilton and loses puck.
16:46 of 2nd period - Icing by Trevor Zegras.
16:47 of 2nd period - Sam Bennett wins face-off versus Jonathan Toews in Toronto Maple Leafs zone.
17:02 of 2nd period - Snap shot by Sam Bennett.
17:02 of 2nd period - Shot Misses the Net.
17:30 of 2nd period - Wrist shot by Nicolas Roy.
17:30 of 2nd period - Stopped by Stuart Skinner without a rebound.
17:31 of 2nd period - Scott Laughton wins face-off versus Jonathan Toews in Minnesota North Stars zone.
17:46 of 2nd period - Slapshot by Jonathan Toews.
17:46 of 2nd period - Stopped by Cam Talbot with a rebound.
18:08 of 2nd period - Penalty to Adam Lowry is over, Adam Lowry is back on ice.
18:21 of 2nd period - Wrist shot by Evgeni Malkin.
18:21 of 2nd period - Shot Blocked by Cody Ceci.
18:23 of 2nd period - Backhand shot by Neal Pionk.
18:23 of 2nd period - Deflect By Evgeni Malkin.
18:23 of 2nd period - Stopped by Cam Talbot with a rebound.
18:25 of 2nd period - Wrist shot by Rasmus Dahlin.
18:25 of 2nd period - Stopped by Cam Talbot with a rebound.
18:27 of 2nd period - Wrist shot by Zach Parise.
18:27 of 2nd period - Shot Blocked by Aaron Ekblad.
18:40 of 2nd period - Off-side.
18:41 of 2nd period - Nick Bjugstad wins face-off versus Ryan Nugent-Hopkins in neutral zone.
18:46 of 2nd period - Slapshot by Dougie Hamilton.
18:46 of 2nd period - Stopped by Stuart Skinner with a rebound.
18:59 of 2nd period - Minor Penalty to Warren Foegele for High sticking.
19:00 of 2nd period - Ryan Nugent-Hopkins wins face-off versus Sam Bennett in Toronto Maple Leafs zone.
19:01 of 2nd period - Slapshot by Eeli Tolvanen.
19:01 of 2nd period - Shot Blocked by Dougie Hamilton.
19:03 of 2nd period - Wrist shot by Frank Vatrano.
19:03 of 2nd period - Stopped by Cam Talbot without a rebound.
19:04 of 2nd period - Sam Bennett wins face-off versus Ryan Nugent-Hopkins in Toronto Maple Leafs zone.
19:19 of 2nd period - Snap shot by Ryan Nugent-Hopkins.
19:19 of 2nd period - Goal by Ryan Nugent-Hopkins - Minnesota North Stars : 2 - Toronto Maple Leafs : 0.
19:20 of 2nd period - Nicolas Roy wins face-off versus Ryan Nugent-Hopkins in neutral zone.
19:22 of 2nd period - Off-side.
19:23 of 2nd period - Ryan Nugent-Hopkins wins face-off versus Trevor Zegras in neutral zone.
19:33 of 2nd period - Minor Penalty to Trevor Zegras for Roughing.
19:34 of 2nd period - Jack Hughes wins face-off versus Sam Bennett in Toronto Maple Leafs zone.
19:44 of 2nd period - Wrist shot by Jack Hughes.
19:44 of 2nd period - Shot Blocked by Sam Bennett.
Goals for this period are 1 for Minnesota North Stars vs 0 for Toronto Maple Leafs.
Shots for this period are 7 for Minnesota North Stars vs 7 for Toronto Maple Leafs.
3rd period
0:01 of 3rd period - Wyatt Johnston wins face-off versus Ryan Nugent-Hopkins in neutral zone.
0:04 of 3rd period - Wrist shot by Wyatt Johnston.
0:04 of 3rd period - Stopped by Stuart Skinner without a rebound.
0:05 of 3rd period - Wyatt Johnston wins face-off versus Ryan Nugent-Hopkins in Minnesota North Stars zone.
0:06 of 3rd period - Snap shot by Dougie Hamilton.
0:06 of 3rd period - Shot Blocked by Rasmus Dahlin.
0:19 of 3rd period - Snap shot by Eeli Tolvanen.
0:19 of 3rd period - Stopped by Cam Talbot without a rebound.
0:20 of 3rd period - Sam Bennett wins face-off versus Jack Hughes in Toronto Maple Leafs zone.
1:33 of 3rd period - Penalty to Trevor Zegras is over, Trevor Zegras is back on ice.
1:45 of 3rd period - Snap shot by Dougie Hamilton.
1:45 of 3rd period - Deflect By Nino Niederreiter.
1:45 of 3rd period - Goal by Nino Niederreiter - Minnesota North Stars : 2 - Toronto Maple Leafs : 1.
1:46 of 3rd period - Sam Bennett wins face-off versus Evgeni Malkin in neutral zone.
2:16 of 3rd period - Snap shot by Kyle Okposo.
2:16 of 3rd period - Stopped by Stuart Skinner without a rebound.
2:17 of 3rd period - Jeff Skinner wins face-off versus Kyle Okposo in Minnesota North Stars zone.
3:19 of 3rd period - Kyle Okposo is hit by Neal Pionk.
3:44 of 3rd period - Backhand shot by Andrew Mangiapane.
3:44 of 3rd period - Shot Blocked by Sean Durzi.
3:52 of 3rd period - Snap shot by Ryan Nugent-Hopkins.
3:52 of 3rd period - Stopped by Cam Talbot with a rebound.
3:54 of 3rd period - Slapshot by Neal Pionk.
3:54 of 3rd period - Stopped by Cam Talbot without a rebound.
3:55 of 3rd period - Jack Hughes wins face-off versus Trevor Zegras in Toronto Maple Leafs zone.
3:56 of 3rd period - Wrist shot by Frank Vatrano.
3:56 of 3rd period - Stopped by Cam Talbot without a rebound.
3:57 of 3rd period - Jack Hughes wins face-off versus Trevor Zegras in Toronto Maple Leafs zone.
4:04 of 3rd period - Snap shot by Jack Hughes.
4:04 of 3rd period - Stopped by Cam Talbot without a rebound.
4:05 of 3rd period - Trevor Zegras wins face-off versus Zach Parise in Toronto Maple Leafs zone.
4:40 of 3rd period - Snap shot by Jack Hughes.
4:40 of 3rd period - Stopped by Cam Talbot with a rebound.
4:52 of 3rd period - Wrist shot by Jack Hughes.
4:52 of 3rd period - Stopped by Cam Talbot without a rebound.
4:53 of 3rd period - Evgeni Malkin wins face-off versus Sam Bennett in Toronto Maple Leafs zone.
5:41 of 3rd period - Slapshot by Dougie Hamilton.
5:41 of 3rd period - Stopped by Stuart Skinner with a rebound.
5:57 of 3rd period - Nick Bjugstad is hit by Brock Nelson.
6:22 of 3rd period - Snap shot by Rasmus Dahlin.
6:22 of 3rd period - Shot Blocked by Kyle Okposo.
6:24 of 3rd period - Slapshot by Jamie Oleksiak.
6:24 of 3rd period - Shot Blocked by Dougie Hamilton.
6:26 of 3rd period - Snap shot by Jonathan Toews.
6:26 of 3rd period - Stopped by Cam Talbot with a rebound.
6:28 of 3rd period - Slapshot by Gustav Forsling.
6:28 of 3rd period - Shot Misses the Net.
6:30 of 3rd period - Wrist shot by Evan Rodrigues.
6:30 of 3rd period - Goal by Evan Rodrigues - Minnesota North Stars : 3 - Toronto Maple Leafs : 1.
6:31 of 3rd period - Evgeni Malkin wins face-off versus Trevor Zegras in neutral zone.
6:31 of 3rd period - Brock Nelson is hit by Trevor Zegras and loses puck.
7:28 of 3rd period - Minor Penalty to Aaron Ekblad for Hooking.
7:29 of 3rd period - Jack Hughes wins face-off versus Sam Bennett in Toronto Maple Leafs zone.
7:35 of 3rd period - Minor Penalty to Brandon Montour for Slashing.
7:36 of 3rd period - Scott Laughton wins face-off versus Ryan Nugent-Hopkins in Minnesota North Stars zone.
7:42 of 3rd period - Wrist shot by Scott Laughton.
7:42 of 3rd period - Shot Blocked by Rasmus Dahlin.
7:48 of 3rd period - Slapshot by Rasmus Dahlin.
7:48 of 3rd period - Deflect By Scott Laughton.
7:48 of 3rd period - Stopped by Cam Talbot without a rebound.
7:49 of 3rd period - Troy Terry wins face-off versus Evgeni Malkin in Toronto Maple Leafs zone.
8:02 of 3rd period - Troy Terry is hit by Jamie Oleksiak and loses puck.
8:25 of 3rd period - Slapshot by Sam Bennett.
8:25 of 3rd period - Stopped by Stuart Skinner with a rebound.
9:09 of 3rd period - Neal Pionk is hit by Scott Laughton and loses puck.
9:28 of 3rd period - Penalty to Aaron Ekblad is over, Aaron Ekblad is back on ice.
9:35 of 3rd period - Penalty to Brandon Montour is over, Brandon Montour is back on ice.
9:38 of 3rd period - Slapshot by Brandon Montour.
9:38 of 3rd period - Stopped by Cam Talbot with a rebound.
10:17 of 3rd period - Icing by Brandon Saad.
10:18 of 3rd period - Evgeni Malkin wins face-off versus Brandon Saad in Toronto Maple Leafs zone.
10:51 of 3rd period - Snap shot by Frank Vatrano.
10:51 of 3rd period - Stopped by Cam Talbot without a rebound.
10:52 of 3rd period - Sam Bennett wins face-off versus Evgeni Malkin in Toronto Maple Leafs zone.
11:01 of 3rd period - Wrist shot by Scott Laughton.
11:01 of 3rd period - Shot Misses the Net.
11:03 of 3rd period - Wrist shot by Mario Ferraro.
11:03 of 3rd period - Deflect By Troy Terry.
11:03 of 3rd period - Stopped by Stuart Skinner with a rebound.
11:05 of 3rd period - Wrist shot by Scott Laughton.
11:05 of 3rd period - Stopped by Stuart Skinner without a rebound.
11:06 of 3rd period - Trevor Zegras wins face-off versus Jack Hughes in Minnesota North Stars zone.
11:09 of 3rd period - Snap shot by Nino Niederreiter.
11:09 of 3rd period - Deflect By Frank Vatrano.
11:09 of 3rd period - Goal by Nino Niederreiter - Minnesota North Stars : 3 - Toronto Maple Leafs : 2.
11:10 of 3rd period - Trevor Zegras wins face-off versus Evgeni Malkin in neutral zone.
11:15 of 3rd period - Slapshot by Aaron Ekblad.
11:15 of 3rd period - Stopped by Stuart Skinner with a rebound.
11:22 of 3rd period - Snap shot by Trevor Zegras.
11:22 of 3rd period - Shot Hit the Post.
11:24 of 3rd period - Slapshot by Cody Ceci.
11:24 of 3rd period - Stopped by Stuart Skinner with a rebound.
11:26 of 3rd period - Slapshot by Cody Ceci.
11:26 of 3rd period - Stopped by Stuart Skinner without a rebound.
11:27 of 3rd period - Jack Hughes wins face-off versus Sam Bennett in Minnesota North Stars zone.
11:27 of 3rd period - Rasmus Dahlin is hit by Sam Bennett and loses puck.
11:54 of 3rd period - Evgeni Malkin is hit by Nino Niederreiter and loses puck.
12:19 of 3rd period - Snap shot by Andrew Mangiapane.
12:19 of 3rd period - Shot Blocked by Neal Pionk.
12:21 of 3rd period - Slapshot by Kyle Okposo.
12:21 of 3rd period - Goal by Kyle Okposo - Minnesota North Stars : 3 - Toronto Maple Leafs : 3.
12:22 of 3rd period - Sam Bennett wins face-off versus Evgeni Malkin in neutral zone.
12:33 of 3rd period - Wrist shot by Scott Laughton.
12:33 of 3rd period - Stopped by Stuart Skinner with a rebound.
12:54 of 3rd period - Wrist shot by Trevor Zegras.
12:54 of 3rd period - Shot Misses the Net.
13:16 of 3rd period - Aaron Ekblad is hit by Sean Durzi and loses puck.
13:27 of 3rd period - Minor Penalty to Andrew Mangiapane for Hooking.
13:28 of 3rd period - Viktor Arvidsson wins face-off versus Sam Bennett in Toronto Maple Leafs zone.
13:39 of 3rd period - Dougie Hamilton is hit by Jack Hughes and loses puck.
13:44 of 3rd period - Slapshot by Jack Hughes.
13:44 of 3rd period - Stopped by Cam Talbot without a rebound.
13:45 of 3rd period - Ryan Nugent-Hopkins wins face-off versus Sam Bennett in Toronto Maple Leafs zone.
15:27 of 3rd period - Penalty to Andrew Mangiapane is over, Andrew Mangiapane is back on ice.
15:45 of 3rd period - Slapshot by Warren Foegele.
15:45 of 3rd period - Shot Misses the Net.
15:47 of 3rd period - Slapshot by Mario Ferraro.
15:47 of 3rd period - Stopped by Stuart Skinner without a rebound.
15:48 of 3rd period - Nick Bjugstad wins face-off versus Jonathan Toews in Minnesota North Stars zone.
15:53 of 3rd period - Snap shot by Wyatt Johnston.
15:53 of 3rd period - Shot Blocked by Evan Rodrigues.
15:55 of 3rd period - Wrist shot by Nick Bjugstad.
15:55 of 3rd period - Shot Misses the Net.
15:57 of 3rd period - Snap shot by Nick Bjugstad.
15:57 of 3rd period - Shot Misses the Net.
16:39 of 3rd period - Slapshot by Warren Foegele.
16:39 of 3rd period - Stopped by Stuart Skinner without a rebound.
16:40 of 3rd period - Evgeni Malkin wins face-off versus Brandon Saad in Minnesota North Stars zone.
16:42 of 3rd period - Minor Penalty to Evgeni Malkin for Hooking.
16:43 of 3rd period - Scott Laughton wins face-off versus Adam Lowry in Minnesota North Stars zone.
16:47 of 3rd period - Wrist shot by Scott Laughton.
16:47 of 3rd period - Stopped by Stuart Skinner with a rebound.
18:34 of 3rd period - Scott Laughton is hit by Neal Pionk and loses puck.
18:42 of 3rd period - Penalty to Evgeni Malkin is over, Evgeni Malkin is back on ice.
18:47 of 3rd period - Snap shot by Warren Foegele.
18:47 of 3rd period - Stopped by Stuart Skinner without a rebound.
18:48 of 3rd period - Nick Bjugstad wins face-off versus Evgeni Malkin in Minnesota North Stars zone.
18:49 of 3rd period - Slapshot by Warren Foegele.
18:49 of 3rd period - Shot Misses the Net.
18:51 of 3rd period - Wrist shot by Mario Ferraro.
18:51 of 3rd period - Deflect By Evgeni Malkin.
18:51 of 3rd period - Stopped by Stuart Skinner without a rebound.
18:52 of 3rd period - Nick Bjugstad wins face-off versus Evgeni Malkin in Minnesota North Stars zone.
19:17 of 3rd period - Sam Bennett is hit by Gustav Forsling and loses puck.
19:21 of 3rd period - Icing by Luke Schenn.
19:22 of 3rd period - Jonathan Toews wins face-off versus Sam Bennett in Toronto Maple Leafs zone.
Goals for this period are 1 for Minnesota North Stars vs 3 for Toronto Maple Leafs.
Shots for this period are 13 for Minnesota North Stars vs 18 for Toronto Maple Leafs.
Overtime #1
0:01 of 1st overtime period - Evgeni Malkin wins face-off versus Troy Terry in neutral zone.
2:00 of 1st overtime period - Ryan Pulock is hit by Gustav Forsling and loses puck.
2:25 of 1st overtime period - Aaron Ekblad is hit by Jeff Skinner and loses puck.
2:48 of 1st overtime period - Wrist shot by Brandon Saad.
2:48 of 1st overtime period - Stopped by Stuart Skinner without a rebound.
2:49 of 1st overtime period - Adam Lowry wins face-off versus Nino Niederreiter in Minnesota North Stars zone.
4:28 of 1st overtime period - Sam Bennett is hit by Evgeni Malkin and loses puck.
Goals for this period are 0 for Minnesota North Stars vs 0 for Toronto Maple Leafs.
Shots for this period are 0 for Minnesota North Stars vs 1 for Toronto Maple Leafs.
ShootOut
5:00 of 1st overtime period - Round #1.
5:00 of 1st overtime period - Minnesota North Stars, Ryan Nugent-Hopkins.
5:00 of 1st overtime period - Snap shot by Ryan Nugent-Hopkins.
5:00 of 1st overtime period - Shot Misses the Net.
5:00 of 1st overtime period - Toronto Maple Leafs, Andrew Mangiapane.
5:00 of 1st overtime period - Deke by Andrew Mangiapane.
5:00 of 1st overtime period - Stopped by Stuart Skinner.
5:00 of 1st overtime period - Round #2.
5:00 of 1st overtime period - Minnesota North Stars, Evgeni Malkin.
5:00 of 1st overtime period - Snap shot by Evgeni Malkin.
5:00 of 1st overtime period - Shot Misses the Net.
5:00 of 1st overtime period - Toronto Maple Leafs, Sam Bennett.
5:00 of 1st overtime period - Wrist shot by Sam Bennett.
5:00 of 1st overtime period - Stopped by Stuart Skinner.
5:00 of 1st overtime period - Round #3.
5:00 of 1st overtime period - Minnesota North Stars, Brock Nelson.
5:00 of 1st overtime period - Snap shot by Brock Nelson.
5:00 of 1st overtime period - Shot Misses the Net.
5:00 of 1st overtime period - Toronto Maple Leafs, Scott Laughton.
5:00 of 1st overtime period - Snap shot by Scott Laughton.
5:00 of 1st overtime period - Stopped by Stuart Skinner.
5:00 of 1st overtime period - Round #4.
5:00 of 1st overtime period - Minnesota North Stars, Jeff Skinner.
5:00 of 1st overtime period - Deke by Jeff Skinner.
5:00 of 1st overtime period - Shot Misses the Net.
5:00 of 1st overtime period - Toronto Maple Leafs, Trevor Zegras.
5:00 of 1st overtime period - Snap shot by Trevor Zegras.
5:00 of 1st overtime period - Goal by Trevor Zegras.
Back to the Top